Cogmind - Beta 16.1 @@@ ROGUE MODE // 2026.04.10 @ 22:10:50 Player: PE-P51 Result: Destroyed by Y-54 Guardian with Flak Gun Performance ------------- Evolutions (0) 0 Regions Visited (3) 600 Robots Destroyed (42) 210 Value Destroyed (1119) 1119 Prototype IDs (13) 260 Alien Tech Used (0) 0 Bonus (-21) -21 TOTAL SCORE: 2168 Bonus ------- Friendly Fire -21 Cogmind --------- Core Integrity 0/250 Matter 261/300 Energy 290/290 System Corruption 5% Temperature Warm (180) Movement Walking (270) Ox2 Location -7/Recycling Parts ------- > --- POWER (1) -------- Improved Deuterium Engine > --- PROPULSION (2) --- Cargo Legs > --- UTILITY (2+2) ---- Cargo Storage Unit (++) > --- WEAPON (2) ------- Subdweller Laser Battle Rifle > --- INVENTORY (30) --- Subdweller Power Source Subdweller Power Source Arachnoskeleton Wheel Subdweller Monowheel Subdweller Monowheel Improved Heat Sink Subdweller Optics Signal Interpreter Riot Gun Small Laser Gatling Laser Subdweller Machine Gun Subdweller Shrapnel Launcher 1B-0RG's Assimilator Dirty Datajack (20) Mining Laser Flamer Chainsword Makeshift Sword Scrap Shield Fragment (26) Peak State ------------ > --- POWER ------------ Improved Deuterium Engine > --- PROPULSION ------- Cargo Legs > --- UTILITY ---------- Cargo Storage Unit Scrap Shield > --- WEAPON ----------- Battle Rifle Chainsword > --- INVENTORY -------- Subdweller Power Source Subdweller Power Source Arachnoskeleton Wheel Subdweller Monowheel Subdweller Monowheel Improved Heat Sink Subdweller Optics Signal Interpreter Scrap Shield Riot Gun Small Laser Subdweller Laser Gatling Laser Subdweller Shrapnel Launcher 1B-0RG's Assimilator Dirty Datajack Mining Laser Flamer Makeshift Sword Scrap Shield Fragment [Rating: 45] Favorites ----------- Power Light Ion Engine Engine Light Ion Engine Propulsion Cargo Legs Treads Light Treads Leg Cargo Legs Utility Scrap Shield Device Improved Heat Sink Storage Cargo Storage Unit Protection Scrap Shield Weapon Subdweller Machine Gun Energy Gun Subdweller Laser Energy Cannon Subdweller Beam Cannon Ballistic Gun Subdweller Machine Gun Launcher Grenade Launcher Special Weapon Mining Laser Slashing Weapon Chainsword Build | -11 -10 -10 -7 ------- Run | Yrd Mat Sub Rec Slots Evolved . | . . . . Power . | . . . . Propulsion . | . . . . Utility . | . . . . Weapon . | . . . . Parts Attached 42 | . 13 25 4 Power 7 | . 2 4 1 Engine 7 | . 2 4 1 Core . | . . . . Reactor . | . . . . Propulsion 8 | . 4 4 . Treads 3 | . . 3 . Leg 5 | . 4 1 . Wheel . | . . . . Hover . | . . . . Flight . | . . . . Utility 8 | . 3 3 2 Device 1 | . 1 . . Storage 2 | . 1 1 . Processor . | . . . . Hackware . | . . . . Protection 5 | . 1 2 2 Artifact . | . . . . Weapon 19 | . 4 14 1 Energy Gun 8 | . 3 5 . Energy Cannon 2 | . . 2 . Ballistic Gun 6 | . . 6 . Ballistic Cannon . | . . . . Launcher 1 | . 1 . . Special Weapon 1 | . . 1 . Impact Weapon . | . . . . Slashing Weapon 1 | . . . 1 Piercing Weapon . | . . . . Special Melee Weapon . | . . . . Unidentified Prototypes . | . . . . Corrupted Parts 1 | . . 1 . System Corruption 4 | . . 4 . Parts Lost 6 | . 1 1 4 Power 1 | . . . 1 Propulsion . | . . . . Utility 5 | . 1 1 3 Weapon . | . . . . Highest Loss Streak 2 | . 1 1 2 To Critical Strikes . | . . . . Average Backups 14 | 6 11 14 20 Power 1 | 1 1 1 2 Propulsion 2 | 4 3 2 4 Utility 3 | . 2 2 3 Weapon 6 | 1 3 6 8 Tool/Special . | . . . . Unused Backups 25 | . 7 4 14 Power . | . . . . Propulsion 7 | . 2 1 4 Utility 7 | . 3 1 3 Weapon 9 | . 2 2 5 Tool/Special 2 | . . . 2 Average Slot Usage (%) 70 | . 98 68 65 Engine 11 | . 14 11 10 Treads 4 | . . 5 . Leg 10 | . 28 9 11 Storage 9 | . 14 8 11 Protection 10 | . 6 11 11 Energy Gun 3 | . 13 2 . Energy Cannon 4 | . . 5 . Ballistic Gun 12 | . 12 12 15 Special Weapon 1 | . . 2 . Peak Build Rating 45 | 6 10 40 45 Average Rating 30 | 6 8 30 44 On Entrance 15 | 6 6 10 39 Avg Prop Armor Cover (%) . | . . . . Naked Turns . | . . . . Heaviest Build 175 | 13 31 175 174 Greatest Support 55 | 20 20 55 55 Greatest Overweight (x) 3 | . 1 3 3 Average Overweight (x) 1 | . . 1 2 Largest Inventory Capacity 30 | 8 15 30 30 Average Capacity 23 | 8 13 24 30 Most Carried 30 | 6 15 30 29 Average Carried 20 | 6 11 19 28 Final Capacity 30 | 8 15 30 30 Final Carried 28 | 6 15 28 27 Class Distribution -------------------- 72% | Hauler-Mutant 13% | Mutant 11% | Subdweller-Mutant 3% | Scavenger-Mutant Dominant Class ---------------- Mutant | -10/Materials Hauler-Mutant | -10/Subcaves Hauler-Mutant | -7/Recycling Resources | -11 -10 -10 -7 ----------- Run | Yrd Mat Sub Rec Matter Collected 1697 | 173 245 938 341 Remotely . | . . . . Salvage Created 1454 | . 434 556 464 Parts 84 | . 33 32 19 Haulers Intercepted . | . . . . Recyclers Shooed 2 | . 1 . 1 Parts Field Recycled . | . . . . Retrieved Matter . | . . . . Parts Self-Destructed 14 | . . 14 . Prevented . | . . . . Parts Restored . | . . . . Kills | -11 -10 -10 -7 ------- Run | Yrd Mat Sub Rec Combat Hostiles Destroyed 31 | . 16 13 2 Guns 16 | . 6 8 2 Cannons 5 | . . 5 . AOE 10 | . 10 . . Classes Destroyed 9 | . 6 2 1 Worker 2 | . 2 . . Builder 2 | . . . 2 Tunneler 1 | . 1 . . Recycler 5 | . 1 . 4 Operator 1 | . 1 . . Swarmer 9 | . 9 . . Grunt 7 | . 7 . . Sentry 3 | . . 1 2 Subdweller 12 | . . 12 . Best Kill Streak 5 | . 5 2 3 Combat Bots Only 4 | . 4 2 1 Max Kills in Single Turn 3 | . 3 1 1 Gunslinging . | . . . . Exploded 2 | . 2 . . Melee . | . . . . Uniques/NPCs Destroyed . | . . . . Combat | -11 -10 -10 -7 -------- Run | Yrd Mat Sub Rec Hostile Shots Fired 342 | . 82 116 144 Missed 106 | . 24 40 42 Hits 236 | . 58 76 102 Projectile 236 | . 58 76 102 Critical Strikes 1 | . . 1 . Damage Taken 2930 | . 608 1554 768 Core 253 | . 63 114 76 Absorbed by Shields . | . . . . Core Remaining (%) 100 | 100 . . . Volleys Fired 242 | . 40 177 25 Largest 2 | . 2 2 2 Hottest 180 | . 70 180 85 Shots Fired 375 | . 68 257 50 Gun 267 | . 58 159 50 Cannon 33 | . . 33 . Launcher 10 | . 10 . . Special 65 | . . 65 . Kinetic 175 | . 30 98 47 Thermal 182 | . 28 151 3 Explosive 10 | . 10 . . Electromagnetic 8 | . . 8 . Robot Hit Streak 25 | . 25 14 13 Robot Miss Streak 5 | . 3 5 2 Penetration Max . | . . . . Secondary Targets 1 | . 1 . . Max Gunslinging Chain 1 | . 1 . . Shots Hit Robots 179 | . 45 95 39 Core Hits 77 | . 38 26 13 Critical Kills . | . . . . Critical Parts Destroyed . | . . . . Critical Strikes 1 | . 1 . . Burn 1 | . 1 . . Melee Attacks 11 | . . . 11 Impact . | . . . . Slashing 11 | . . . 11 Piercing . | . . . . Sneak Attacks 7 | . . . 7 Combat Hostiles . | . . . . Follow-up Attacks . | . . . . Damage Inflicted 4240 | . 1290 1858 1092 Guns 2431 | . 442 1376 613 Cannons 482 | . . 482 . Explosions 826 | . 826 . . Melee 479 | . . . 479 Ramming 22 | . 22 . . Kinetic 1461 | . 157 712 592 Thermal 1365 | . 285 1059 21 Explosive 826 | . 826 . . Electromagnetic 87 | . . 87 . Impact . | . . . . Slashing 479 | . . . 479 Piercing . | . . . . Highest Corruption 5 | . 1 5 5 Average Corruption 4 | . 1 4 5 Corruption Purged . | . . . . Corruption Blocked . | . . . . Effects 279 | . 1 246 32 Message Errors 61 | . . 51 10 Matter Fused 61 | . . 57 4 Heat Flow Errors 36 | . . 34 2 Energy Discharges 45 | . 1 35 9 Parts Rejected 3 | . . 3 . Parts Fused 1 | . . 1 . Data Loss (minor) 39 | . . 34 5 Data Loss (major) 15 | . . 14 1 Misfires 10 | . . 9 1 Alerts 6 | . . 6 . Weapon Failures 2 | . . 2 . Overload Shots . | . . . . Overflow Damage 113 | . 18 . 95 Projectiles . | . . . . Explosions 18 | . 18 . . Melee 95 | . . . 95 Knockbacks . | . . . . Impact . | . . . . Kinetic . | . . . . Secondary . | . . . . Self-Inflicted Damage 23 | . 23 . . Shots 1 | . 1 . . Rammed . | . . . . Targets Rammed 6 | . 6 . . Kicked 6 | . 6 . . Crushed . | . . . . Highest Temperature 273 | . 273 259 213 Average Temperature 83 | . 89 92 51 Received Heat Transfer 687 | . 213 252 222 Siege Activations . | . . . . Martial Activations . | . . . . Shielding Activations . | . . . . Robots Disrupted . | . . . . Combat Hostiles . | . . . . Robots Corrupted . | . . . . Combat Hostiles . | . . . . Parts Fried . | . . . . Impact Corruptions . | . . . . Robots Melted . | . . . . Combat Hostiles . | . . . . Parts Melted 6 | . 4 2 . Heat Transferred 2379 | . 913 1441 25 Parts Sabotaged . | . . . . Parts Stolen . | . . . . Parts Stripped . | . . . . Power Chain Reactions . | . . . . Alert | -11 -10 -10 -7 ------- Run | Yrd Mat Sub Rec Maximum Alert Level 1 | . 1 . . Low Security (%) 97 | 100 94 . 100 Level 1 2 | . 5 . . Level 2 . | . . . . Level 3 . | . . . . Level 4 . | . . . . Level 5 . | . . . . High Security . | . . . . Max Security . | . . . . Peak Influence 214 | . 214 . 30 Initial . | . . . . Average 34 | . 75 . 3 Influence Increases 803 | . 487 155 161 Destroy 0b10 Robot/C 380 | . 320 20 40 Destroy 0b10 Robot/NC 55 | . 25 . 30 Destroy Leader 60 | . 60 . . Successful Hack 16 | . 16 . . Disable Machine 120 | . 30 . 90 Destroy Structure 37 | . 36 . 1 Lose Combat Pursuer 135 | . . 135 . Influence Decreases 803 | . 303 339 161 Entered New Map 89 | . . 89 . Time Decay 694 | . 293 240 161 Lost Part 20 | . 10 10 . Squads Dispatched 2 | . 2 . . Investigation 2 | . 2 . . Extermination . | . . . . Reinforcement . | . . . . Assault . | . . . . Garrison . | . . . . Intercept . | . . . . Searches Triggered . | . . . . Construction Impeded . | . . . . Haulers Reinforced . | . . . . Active Scanning Responses . | . . . . Cargo Convoy Interrupts . | . . . . Stealth | -11 -10 -10 -7 --------- Run | Yrd Mat Sub Rec Distress Signals 1 | . 1 . . Communications Jammed . | . . . . Distress Signals . | . . . . Times Spotted 58 | . 25 30 3 Peak Tracking Total 4 | . 4 4 1 Tactical Retreats 3 | . . 3 . Traps | -11 -10 -10 -7 ------- Run | Yrd Mat Sub Rec Traps Triggered 8 | . 2 6 . Indirectly . | . . . . Trap Hack Attempts . | . . . . Triggered . | . . . . Disarmed . | . . . . Reprogrammed . | . . . . Reused . | . . . . Traps Extracted . | . . . . Installed . | . . . . Triggered . | . . . . Machines | -11 -10 -10 -7 ---------- Run | Yrd Mat Sub Rec Machines Disabled 10 | . 2 2 6 Max in Single Turn 1 | . 1 1 1 Machines Repaired . | . . . . Machines Dismantled . | . . . . Machines Sabotaged . | . . . . Overloaded Fab Kills . | . . . . Hacking | -11 -10 -10 -7 --------- Run | Yrd Mat Sub Rec Machines Accessed 12 | . 5 2 5 Terminals 4 | . 4 . . Fabricators . | . . . . Repair Stations . | . . . . Recycling Units 6 | . 1 . 5 Scanalyzers . | . . . . Garrison Access . | . . . . Total Hacks 42 | . 16 14 12 Successful 22 | . 6 14 2 Failed 20 | . 10 . 10 Catastrophic 2 | . 2 . . Database Lockouts . | . . . . Manual 10 | . 10 . . Terminals 15 | . 15 . . Fabricators . | . . . . Repair Stations . | . . . . Recycling Units 13 | . 1 . 12 Scanalyzers . | . . . . Garrison Access . | . . . . Terminal Hacks 19 | . 5 14 . Record 13 | . . 13 . Robot Analysis 1 | . 1 . . Alert Level 1 | . 1 . . Hauler Manifests 1 | . 1 . . Zone Layout 2 | . 2 . . Proto ID Catalog 1 | . . 1 . Fabricator Hacks . | . . . . Repair Station Hacks . | . . . . Recycling Unit Hacks 3 | . 1 . 2 Retrieve Components 3 | . 1 . 2 Scanalyzer . | . . . . Garrison Access Hacks . | . . . . Unauthorized Hacks . | . . . . Terminals . | . . . . Fabricators . | . . . . Repair Stations . | . . . . Recycling Units . | . . . . Scanalyzers . | . . . . Garrison Access . | . . . . Data Cores Recovered 1 | . 1 . . Used . | . . . . Hacking Detections 8 | . 5 . 3 Full Trace Events 1 | . 1 . . Feedback Events . | . . . . Feedback Blocked . | . . . . Robot Schematics Acquired . | . . . . Robots Built . | . . . . Authchips . | . . . . Time . | . . . . Total Robot Build Rating . | . . . . Part Schematics Acquired . | . . . . Parts Built . | . . . . Authchips . | . . . . Time . | . . . . Total Part Build Rating . | . . . . Part Studies Acquired . | . . . . Parts Repaired . | . . . . Time . | . . . . Parts Recycled . | . . . . Recycled Matter . | . . . . Retrieved Matter . | . . . . Retrieved Components 7 | . 1 . 6 Parts Scanalyzed . | . . . . Part Schematics Acquired . | . . . . Parts Damaged . | . . . . Bothacking | -11 -10 -10 -7 ------------ Run | Yrd Mat Sub Rec Used RIF Installer . | . . . . Robots Hacked . | . . . . Non-combat . | . . . . Combat . | . . . . Robot Hacks Applied . | . . . . Relay Couplers Released . | . . . . Fabnet Peak Effective % . | . . . . Robots Rewired . | . . . . Allies Hacked . | . . . . Hacks Repelled . | . . . . Allies | -11 -10 -10 -7 -------- Run | Yrd Mat Sub Rec Total Allies . | . . . . Largest Group . | . . . . Highest-Rated Group . | . . . . Highest-Rated Ally . | . . . . Total Orders . | . . . . Ally Attacks . | . . . . Total Damage . | . . . . Kills . | . . . . Allies Corrupted . | . . . . Allies Melted . | . . . . Intel | -11 -10 -10 -7 ------- Run | Yrd Mat Sub Rec Active Infowar (turns) . | . . . . Robot Analysis Total 1 | . 1 . . Derelict Logs Recovered 2 | . . 2 . Drone Launches . | . . . . Drone Recoveries . | . . . . Exploration | -11 -10 -10 -7 ------------- Run | Yrd Mat Sub Rec Turns Passed 11876 | 3 1029 9476 1368 Spaces Moved 4164 | 3 516 3276 369 Core . | . . . . Treads 894 | . . 894 . Legs 3270 | 3 516 2382 369 Wheels . | . . . . Hover . | . . . . Flight . | . . . . Fastest Speed 120 | 120 120 130 270 Average Speed 260 | 120 168 266 339 Slowest Speed 400 | 120 190 400 340 Overloaded Moves . | . . . . Propulsion Burnouts . | . . . . Robots Hopped . | . . . . Potential Cave-ins . | . . . . Cave-ins Triggered . | . . . . Exploration Rate (%) 58 | 2 85 99 48 Regions Visited 3 Branch Regions 2 Pre-discovered Areas 1 | . . 1 . Known Exits Taken . | . . . . Unknown Exits Taken 3 | 1 1 1 . Scrap Searched 12 | . . 12 . Spaces Dug 5 | . . 5 . Terrain Destroyed 48 | . 35 12 1 Melee . | . . . . Projectile 13 | . . 12 1 AOE 35 | . 35 . . Terrain Rammed . | . . . . Walls Destroyed . | . . . . Machines Disabled . | . . . . Actions | -11 -10 -10 -7 --------- Run | Yrd Mat Sub Rec Total 4646 | 2 612 3615 417 Wait 57 | . 16 38 3 Move 4161 | 2 515 3275 369 Hop . | . . . . Pick Up 43 | . 10 30 3 Fast Attach 12 | . 1 10 1 Attach 7 | . 1 4 2 Detach . | . . . . Swap 47 | . 14 30 3 Drop 42 | . 9 33 . Fire 242 | . 40 177 25 Melee 11 | . . . 11 Ram . | . . . . Kick 6 | . 6 . . Crush . | . . . . Escape Stasis . | . . . . Rewire . | . . . . Trap . | . . . . Miscellaneous 18 | . . 18 . Route ------- -11/Scrapyard -10/Materials (discovered 5 exits: [*Mat x3] / [*Min] / *Sub) -10/Subcaves (discovered 3 exits: [*Mat x2] / *Rec) -7/Recycling History --------- Turn | Location | Event 1 | -11/Scrapyard | Discovered new exit (range 3) 4 | -11/Scrapyard | Entered Materials 126 | -10/Materials | Discovered new exit (range 14) 311 | -10/Materials | Discovered new exit (range 16) 316 | -10/Materials | Build established: Mutant 329 | -10/Materials | Discovered new exit (range 22) 959 | -10/Materials | Build established: Scavenger-Mutant 983 | -10/Materials | Discovered new exit (range 8) 1025 | -10/Materials | Discovered new exit (range 6) 1033 | -10/Materials | Entered Subcaves 1155 | -10/Subcaves | A Subdweller sparked back to life 1155 | -10/Subcaves | A Subdweller sparked back to life 1155 | -10/Subcaves | A Subdweller sparked back to life 1178 | -10/Subcaves | Found Prototype Leg 1259 | -10/Subcaves | Ambushed by Subdwellers from Twisted Machinery 1361 | -10/Subcaves | Discovered new exit (range 9) 1388 | -10/Subcaves | Build established: Mutant 2213 | -10/Subcaves | Build established: Subdweller-Mutant 2239 | -10/Subcaves | Discovered new exit (range 8) 2245 | -10/Subcaves | Visited Clippyterm 2250 | -10/Subcaves | Learned location of Section 7 (-2) 2250 | -10/Subcaves | Learned Research security intel 2307 | -10/Subcaves | A swath of the cavern ceiling suddenly collapsed 2374 | -10/Subcaves | Learned Materials stockpile data 2499 | -10/Subcaves | Shifting Twisted Machinery released Sub. Machine Gun 2523 | -10/Subcaves | Shifting Twisted Machinery released Sub. Machine Gun 2717 | -10/Subcaves | Visited 4L-MR0's lab 2724 | -10/Subcaves | Identified Arachnoskeleton 2748 | -10/Subcaves | Found Cargo Legs 2749 | -10/Subcaves | Attached Cargo Legs, gained temporary slots: Utility x2 2935 | -10/Subcaves | A swath of the cavern ceiling suddenly collapsed 3623 | -10/Subcaves | Build established: Hauler-Mutant 4939 | -10/Subcaves | Learned 2 Materials zone layouts 5351 | -10/Subcaves | Core integrity fell below 50% 7709 | -10/Subcaves | Found Prototype Special Melee Weapon 8377 | -10/Subcaves | Discovered new exit (range 6) 8388 | -10/Subcaves | Shifting Twisted Machinery released Shrapnel Trap 8401 | -10/Subcaves | Shifting Twisted Machinery released Battle Rifle 9325 | -10/Subcaves | Shifting Twisted Machinery released Sub. Machine Gun 10509 | -10/Subcaves | Entered Recycling 11278 | -7/Recycling | Scanned before Scraplab entrance 11865 | -7/Recycling | Core integrity fell below 20% 11877 | -7/Recycling | Destroyed by Y-54 Guardian with Flak Gun Last Messages --------------- 11602_ R-06 Scavenger collects Imp. Light Armor Plating. 11603_ R-06 Scavenger collects Lgt. Treads. 11604_ U-05 Engineer destroyed. 11606_ R-06 Scavenger collects Imp. Deuterium Engine. 11607_ R-06 Scavenger destroyed. 11609_ R-06 Scavenger collects Gatling Laser. 11615_ System corrupted: Energy discharge (-58). 11618_ U-05 Engineer builds a Wall. 11620_ R-06 Scavenger collects Unknown Device. 11624_ R-06 Scavenger collects Imp. Light Armor Plating. 11638_ R-06 Scavenger collects Unknown Device. 11656_ Acquired 18 matter. 11746_ System corrupted: Heat flow error (+231). 11761_ System corrupted: Energy discharge (-101). 11791_ System corrupted: Energy discharge (-95). 11839_ KRY%=E